 Dungeon Crawl Stone Soup version 0.31.0-9-g3a7656b989 (webtiles) character file.

Game seed: 11246029354540766509

97 qw the Shooter (level 4, 0/25 HPs)
             Began as a Deep Elf Hunter on Feb 2, 2024.
             Slain by Ijyb
             ... wielding a +0 dagger
              (5 damage)
             ... on level 3 of the Dungeon.
             The game lasted 00:00:05 (894 turns).

qw the Shooter (Deep Elf Hunter)                     Turns: 894, Time: 00:00:05

Health: 0/25       AC:  3    Str: 10    XL:     4   Next: 42%
Magic:  6/6        EV: 12    Int: 14    God:
Gold:   6          SH:  0    Dex: 18    Spells: 3/3 levels left

rFire   . . .        a - +2 shortbow
rCold   . . .        (shield currently unavailable)
rNeg    . . .        c - +0 leather armour
rPois   .            (no helmet)
rElec   .            (no cloak)
rCorr   .            (no gloves)
SInv    .            (no boots)
Will    .....        (no amulet)
Stlth   ++           (no ring)
HPRegen 0.24/turn    (no ring)
MPRegen 0.10/turn

%: no passive effects
@: about to teleport
A: no striking features
a: no special abilities


You were on level 3 of the Dungeon.
You visited 1 branch of the dungeon, and saw 3 of its levels.

You collected 111 gold pieces.
You spent 105 gold pieces at shops.


   Skills:
 - Level 1.5 Fighting
 + Level 7.8 Ranged Weapons
 - Level 2.4 Dodging
 - Level 1.2 Stealth


You had 3 spell levels left.
You didn't know any spells.
Your spell library was empty.

Inventory:

Hand Weapons
 a - a +2 shortbow (weapon)
Armour
 c - a +0 leather armour (worn)
Potions
 b - a potion of berserk rage {unknown}
 i - a potion of enlightenment {unknown}
 j - a potion of might {unknown}

Dungeon Overview and Level Annotations

Branches:
Dungeon (3/15)

Altars:

Shops:
D:2 ?

Annotations:
D:1 1 runed translucent door
D:3 Ijyb


Message History

The arrow hits the orc priest but does no damage.
The orc priest is severely wounded.
The orc priest hits you with a +0 dagger.
You shoot an arrow. The arrow hits the orc priest!
You kill the orc priest!
Your surroundings suddenly seem different.
An adder comes into view.
Found a whip.
You have reached level 4!
You feel clever.
You shoot an arrow. The arrow hits the adder.
The adder hisses angrily.
The adder is heavily wounded.
You hear a shout!
A bat comes into view.
You shoot an arrow. The arrow hits the adder!
You kill the adder!
You shoot an arrow. The arrow hits the bat!
You kill the bat!
Ijyb the Twisted Goblin comes into view.
She is wielding a +0 dagger and carrying a wand of light.
You shoot an arrow. The arrow hits Ijyb.
Ijyb is lightly wounded.
You shoot an arrow. The arrow hits Ijyb.
Ijyb is moderately wounded.
A hobgoblin comes into view.
Ijyb hits you with a +0 dagger.
You shoot an arrow. The hobgoblin shouts!
The arrow hits Ijyb!
Ijyb is heavily wounded.
You hear a shout!
A gnoll comes into view. It is wielding a +0 halberd.
Ijyb zaps a wand.
The bolt of light hits you!
You shoot an arrow. The arrow hits Ijyb but does no damage.
Ijyb is heavily wounded.
Ijyb hits you with a +0 dagger.
894 ||| READING scroll of teleportation.
As you read the scroll of teleportation, it crumbles to dust.
You feel strangely unstable. The gnoll barely misses you.
Ijyb hits you with a +0 dagger.
You die...

##.#.#...
...#.#..
#......
#....g
#.... #...
.#.#.#.g#
....%g.@#
.#####)#.#
..# #..
### ###


You could see Ijyb, a gnoll and a hobgoblin.

Vanquished Creatures
  An orc priest (D:3)
  2 adders
  A ribbon worm (D:2)
  3 orcs (D:2)
  3 giant cockroaches
  7 hobgoblins
  2 jackals (D:2)
  2 quokkas
  4 ball pythons (D:1)
  4 bats
  A frilled lizard (D:1)
  6 goblins
  3 kobolds
  3 rats
42 creatures vanquished.

Notes
Turn   | Place    | Note
-------+----------+-------------------------------------------
     0 | D:1      | qw the Deep Elf Hunter began the quest for the Orb.
     0 | D:1      | Reached XP level 1. HP: 12/12 MP: 3/3
     0 | D:1      | 0 ||| qw: Version: 0.3-a-155-g5e7d8dd
     0 | D:1      | 0 ||| qw: Game counter: 833
     0 | D:1      | 0 ||| qw: Melee chars always use a shield: true
     0 | D:1      | 0 ||| qw: God list: Okawaru
     0 | D:1      | 0 ||| qw: Allow faded altars: false
     0 | D:1      | 0 ||| qw: Do Orc after clearing Dungeon:15 true
     0 | D:1      | 0 ||| qw: Do second Lair branch before Depths: true
     0 | D:1      | 0 ||| qw: Lair rune preference: random
     0 | D:1      | 0 ||| qw: Goals: Normal
     0 | D:1      | 0 ||| PLANNING D:1-11
     1 | D:1      | Found a runed translucent door.
   129 | D:1      | Reached skill level 6 in Ranged Weapons
   129 | D:1      | Reached XP level 2. HP: 16/16 MP: 4/4
   461 | D:1      | 461 ||| READING scroll labelled ZYASONKAECS.
   461 | D:1      | 461 ||| ENCHANTING +0 shortbow.
   462 | D:1      | 462 ||| READING scroll labelled MUFIDU BISH.
   463 | D:1      | 463 ||| READING 2 scrolls labelled UBIXIM DYKU.
   468 | D:1      | 468 ||| DRINKING 2 inky potions.
   469 | D:1      | 469 ||| DROPPING scroll of butterflies.
   481 | D:2      | Reached XP level 3. HP: 20/20 MP: 5/5
   589 | D:2      | Found Guefang's Magic Scroll Shop.
   595 | D:2      | Reached skill level 7 in Ranged Weapons
   614 | D:2      | 614 ||| BUYING scroll of enchant weapon (105 gold).
   614 | D:2      | Bought a scroll of enchant weapon for 105 gold pieces
   614 | D:2      | 614 ||| SHOPLISTING scroll of identify (28 gold, have 6).
   614 | D:2      | 614 ||| SHOPLISTING scroll of teleportation (42 gold, have
                  | 6).
   614 | D:2      | 614 ||| READING scroll of enchant weapon.
   614 | D:2      | 614 ||| ENCHANTING +1 shortbow.
   785 | D:2      | 785 ||| READING scroll labelled WIRREFER PIJAO.
   786 | D:2      | 786 ||| READING scroll labelled HUHYKA ASCHUOJ.
   787 | D:2      | 787 ||| READING scroll labelled QEIDOM YCEBUJ.
   813 | D:3      | 813 ||| STAIRDANCE
   842 | D:3      | 842 ||| STAIRDANCE
   882 | D:3      | HP: 1/20 [orc priest/divine providence (9)]
   883 | D:3      | 883 ||| READING 2 scrolls of teleportation.
   884 | D:3      | 884 ||| DRINKING potion of heal wounds.
   887 | D:3      | Reached XP level 4. HP: 24/25 MP: 6/6
   889 | D:3      | Noticed Ijyb
   893 | D:3      | HP: 5/25 [Ijyb/+0 dagger (4)]
   894 | D:3      | 894 ||| READING scroll of teleportation.
   894 | D:3      | Slain by Ijyb

Levels and vault maps discovered:
D:1:      dpeg_arrival_caged_fury, layout_rooms
D:2:      layout_rooms, serial_shops, shop, minmay_misc_feat_room,
          minmay_pentomino_r2
D:3:      layout_loops_ring, xom_teletrap_fun, gammafunk_ghost_abyssal_escape,
          grunt_ministairs_15, minmay_misc_feat_rows, uniq_sigmund, uniq_ijyb

Skill      XL: |  1  2  3 |
---------------+----------+-----
Ranged Weapons | 6 7 |  7.8
Fighting       | |  1.5
Dodging        | |  2.4
Stealth        | |  1.2

Action                     |  1- 3 |  4- 6 || total
---------------------------+-------+-------++-------
   Fire: Shortbow          |   109 |     7 ||   116
    Use: Scroll            |     8 |     1 ||     9
         Potion            |     2 |       ||     2
 Armour: Leather armour    |    23 |     4 ||    27
  Dodge: Dodged            |    26 |     1 ||    27

Table legend:
 A = Non-vault XP
 B = Vault XP
 C = Vault XP percentage of total XP
 D = Non-vault monster count
 E = Vault monster count
 F = Vault count percentage of total count
                 A         B        C        D         E       F
            +---------+---------+-------+---------+---------+-------
      Total |     139 |       0 |   0.0 |      42 |       0 |   0.0
            +---------+---------+-------+---------+---------+-------
        D:1 |      31 |       0 |   0.0 |      20 |       0 |   0.0
        D:2 |      52 |       0 |   0.0 |      19 |       0 |   0.0
        D:3 |      56 |       0 |   0.0 |       3 |       0 |   0.0
            +---------+---------+-------+---------+---------+-------
